Map: Catalyst LE

Players

Raune - Winner!

  • Race: Protoss Protoss
  • League: Master
  • Spawn Location: 11:00

Maya

  • Race: Zerg Zerg
  • League: Master
  • Spawn Location: 5:00

VOD

Have the link to the VOD?

Description

Time

  • Played on: July 22, 2018, 9:51 a.m.
  • Length: 11:48
Show
View Real Time Build Order
Export as new Build Order

Raune Protoss - Winner!

Build Orders: 1 Gate Expand 

Get SALT Encoding   

  12  0:01  Probe  
  13  0:13  Probe  
  14  0:17  Pylon  
  14  0:24  Probe  
  15  0:32  Probe  
  15  0:38  Gateway  
  15  0:40  Probe  
  17  0:51  Probe  
  18  1:13  Nexus  
  18  1:19  Assimilator  
  18  1:28  Probe, Cybernetics Core  
  19  1:37  Assimilator  
  19  1:38  Probe  
  20  1:48  Pylon  
  20  1:56  Stalker, Probe  
  23  2:11  Probe  
  23  2:14  Warp Gate  
  24  2:23  Probe  
  24  2:25  Probe  
  24  2:26  Adept  
  28  2:36  Probe  
  29  2:37  Probe  
  30  2:44  Twilight Council  
  30  2:48  Probe  
  31  2:57  Probe  
  32  3:00  Probe  
  32  3:05  Probe  
  33  3:08  Probe  
  35  3:21  Charge  
  35  3:23  Probe  
  35  3:24  Probe  
  37  3:29  Robotics Facility  
  37  3:30  Gateway  
  37  3:33  Gateway  
  37  3:36  Probe x2  
  37  3:39  Pylon  
  39  3:48  Probe x2  
  40  3:51  Gateway  
  41  4:00  Probe  
  42  4:03  Probe  
  43  4:10  Pylon  
  43  4:12  Probe  
  43  4:17  Warp Prism  
  44  4:22  Probe  
  47  4:25  Nexus  
  47  4:28  Pylon  
  47  4:33  Probe  
  47  4:34  Probe  
  49  4:38  Zealot  
  49  4:42  Zealot  
  49  4:43  Zealot  
  49  4:45  Probe  
  56  4:46  Probe  
  56  4:51  Gateway  
  56  4:52  Gateway  
  57  4:59  Probe x2  
  59  5:05  Forge  
  59  5:07  Observer  
  59  5:11  Probe  
  59  5:13  Zealot  
  59  5:14  Zealot x3  
  67  5:20  Pylon  
  69  5:23  Protoss Ground Weapons Level 1  
  69  5:30  Pylon  
  69  5:31  Probe  
  69  5:34  Pylon  
  70  5:35  Assimilator  
  70  5:37  Probe  
  70  5:38  Sentry  
  70  5:39  Sentry x3  
  79  5:43  Probe  
  79  5:49  Probe  
  81  5:54  Templar Archives  
  81  5:57  Zealot x2  
  81  6:01  Probe x2  
  81  6:02  Immortal  
  81  6:04  Probe  
  92  6:08  Assimilator  
  92  6:09  Probe  
  92  6:10  Zealot x2  
  96  6:13  Zealot  
  97  6:34  Zealot x4  
  97  6:35  Zealot x2  
  109  6:42  Assimilator  
  109  6:45  Pylon  
  109  6:48  Pylon  
  109  6:54  Pylon  
  109  6:57  Psionic Storm  
  109  7:01  Immortal  
  109  7:03  Probe x3  
  119  7:15  Probe x3  
  119  7:16  Assimilator  
  119  7:25  Protoss Ground Weapons Level 2  
  119  7:27  Probe  
  120  7:30  Immortal  
  118  7:38  Probe x2  
  118  7:39  Probe  
  118  7:40  Robotics Facility  
  125  7:50  Probe x2  
  127  7:54  Nexus  
  127  7:56  Pylon  
  127  7:58  Zealot x2  
  130  8:08  Immortal  
  134  8:20  Immortal  
  132  8:29  Pylon  
  132  8:31  Pylon  
  132  8:32  High Templar x2  
  132  8:33  High Templar  
  132  8:34  Photon Cannon  
  140  8:36  Photon Cannon  
  140  8:37  Photon Cannon  
  140  8:41  Warp Prism  
  140  8:45  Stargate  
  140  8:53  High Templar x3  
  140  8:54  Pylon, Nexus  
  146  8:56  Pylon  
  146  8:57  Pylon  
  146  8:58  Probe x2  
  146  8:59  Pylon, Probe  
  146  9:00  Pylon  
  149  9:05  Pylon  
  149  9:07  Pylon  
  149  9:10  Pylon  
  149  9:12  Probe, Assimilator, Immortal  
  149  9:15  Immortal  
  149  9:16  Assimilator  
  154  9:19  Pylon  
  158  9:26  Zealot x5  
  158  9:27  Protoss Air Weapons Level 1, Zealot  
  170  9:37  Fleet Beacon  
  168  9:43  Cybernetics Core  
  166  10:01  Zealot x3  
  166  10:02  Zealot x3  
  177  10:15  Immortal  
  177  10:16  Immortal  
  170  10:35  Graviton Catapult  
  170  10:44  Void Ray  
  174  10:53  Stargate x2  
  174  10:54  Probe x4  
  178  10:57  Stargate  
  178  10:59  Zealot  
  178  11:00  Zealot x5  
  178  11:01  Stargate  
  190  11:06  Probe  
  161  11:34  Zealot x2  
  161  11:37  Zealot x3  
  157  11:44  Zealot  
Show
View Real Time Build Order
Export as new Build Order

Maya Zerg 

Build Orders: Hatch First, Lurkers 

Get SALT Encoding   

  12  0:00  Drone  
  13  0:12  Overlord  
  13  0:17  Drone  
  14  0:34  Drone  
  15  0:36  Drone  
  16  0:48  Drone  
  17  0:54  Hatchery  
  17  0:56  Drone  
  17  1:07  Drone  
  17  1:10  Extractor  
  17  1:17  Spawning Pool  
  17  1:18  Drone  
  17  1:30  Drone  
  18  1:39  Drone  
  19  2:00  Drone  
  20  2:02  Drone  
  20  2:05  Hatchery  
  21  2:08  Drone  
  21  2:09  Queen  
  21  2:11  Drone  
  24  2:22  Metabolic Boost  
  24  2:24  Overlord  
  24  2:29  Zergling x2  
  26  2:30  Zergling x2  
  26  2:40  Drone  
  26  2:41  Drone  
  28  2:46  Queen  
  30  3:01  Drone x3  
  30  3:02  Drone  
  35  3:05  Drone  
  34  3:25  Queen  
  36  3:27  Queen x2  
  36  3:29  Overlord x2  
  40  3:37  Spore Crawler  
  40  3:38  Drone x2  
  41  3:44  Spore Crawler  
  41  3:47  Drone x5  
  41  3:48  Drone  
  46  3:50  Drone x2  
  46  3:55  Overlord  
  48  3:59  Overlord  
  48  4:07  Drone  
  48  4:08  Drone x3  
  53  4:14  Queen  
  55  4:18  Roach Warren  
  55  4:19  Queen  
  56  4:31  Drone x7  
  63  4:41  Zergling x4  
  63  4:42  Overlord  
  63  4:43  Overlord x3  
  65  5:01  Extractor  
  65  5:02  Overlord x3  
  65  5:03  Roach x3  
  65  5:04  Roach x3  
  76  5:13  Drone x2  
  78  5:15  Queen  
  78  5:18  Lair  
  78  5:19  Drone  
  78  5:20  Queen  
  83  5:21  Drone  
  84  5:30  Zergling x2  
  84  5:32  Drone x6  
  84  5:35  Roach  
  93  5:41  Roach x2  
  97  5:52  Roach  
  97  5:53  Roach x4  
  97  5:56  Roach  
  110  5:57  Zergling x4  
  111  6:05  Drone x4  
  111  6:07  Extractor  
  111  6:11  Extractor  
  113  6:12  Extractor  
  113  6:15  Roach x3  
  118  6:19  Roach  
  118  6:20  Spine Crawler x2  
  113  6:38  Drone  
  113  6:39  Drone x7  
  121  6:43  Overlord x5  
  121  6:44  Overlord  
  121  6:49  Hatchery  
  121  6:52  Hydralisk Den  
  121  6:53  Glial Reconstitution  
  119  6:54  Evolution Chamber  
  119  6:57  Drone x3  
  119  6:58  Spore Crawler  
  119  7:01  Extractor  
  119  7:09  Ravager x2  
  119  7:12  Zergling x8  
  125  7:35  Roach x3  
  125  7:36  Roach x3  
  137  7:49  Drone  
  137  7:50  Drone x7  
  145  7:56  Zerg Missile Weapons Level 1  
  145  7:58  Grooved Spines  
  145  7:59  Hatchery  
  145  8:00  Drone x2  
  146  8:16  Hydralisk x7  
  154  8:27  Hydralisk x5  
  154  8:28  Lurker Den  
  163  8:41  Extractor, Spore Crawler  
  163  8:42  Drone, Extractor  
  163  8:43  Spine Crawler, Drone x6  
  163  8:44  Spine Crawler  
  163  8:45  Drone x2  
  167  8:49  Overlord  
  157  8:56  Overlord x4  
  157  8:58  Evolution Chamber  
  156  9:05  Hydralisk x5  
  166  9:22  Hydralisk x8  
  166  9:23  Hydralisk  
  184  9:26  Zerg Ground Armor Level 1  
  184  9:27  Muscular Augments  
  184  9:48  Hydralisk  
  184  9:49  Hydralisk x5  
  196  9:57  Lurker  
  196  9:59  Lurker  
  170  10:44  Overseer x2  
  170  10:49  Zergling x36  
  189  10:50  Zergling x2  
  189  10:51  Lurker x3, Infestation Pit  
  189  10:52  Lurker  
  169  11:21  Hydralisk  
  169  11:22  Hydralisk x6  
Tags
 
Add a new tag
Caveats
  • Supply blocks, unpowered buildings, or Contaminate may cause inaccurate times.
  • Supply counts are checked every 10 seconds.